TOP OF THE 1ST |
University of Florida Gators batting - Pitching for Arizona State University Sun Devils : LHP Tony Garcia
|
Pitching: RHP Corey Hill
|
|
Batting: LHB Terry Bayer
|
0-0: Fly out, F3 (Line Drive, 34, EV 67.5 MPH)
|
Batting: RHB Luis Cabera
|
0-0: SOLO HOME RUN (Flyball, 78XD, EV 109.4 MPH), Distance : 445 ft
|
Batting: RHB Ben Bailey
|
0-0: Swinging Strike 0-1: Ball 1-1: Ball 2-1: Ball 3-1: Base on Balls
|
Batting: SHB Nelson Carachure
|
0-0: Ball 1-0: Ball Ben Bailey is caught stealing 2nd base 2-6 2-0: Ball 3-0: Called Strike 3-1: Called Strike 3-2: Foul Ball, location: 2F 3-2: Ground out U3 (Groundball, 3, EV 104.4 MPH)
|
Top of the 1st over - 1 run, 1 hit, 0 errors, 0 left on base; University of Florida 1 - Arizona State University 0 |
BOTTOM OF THE 1ST |
Arizona State University Sun Devils batting - Pitching for University of Florida Gators : RHP Jay Rudacille
|
Pitching: RHP Jay Rudacille
|
|
Batting: LHB Timon Giorgiou
|
0-0: Ball 1-0: Ground out 6-3 (Groundball, 6M, EV 80.0 MPH)
|
Batting: RHB Alonzo Cardona
|
0-0: Called Strike 0-1: Fly out, F3 (Popup, 34, EV 76.9 MPH)
|
Batting: LHB David Goad
|
0-0: Ground out 6-3 (Groundball, 6, EV 89.4 MPH)
|
Bottom of the 1st over - 0 runs, 0 hits, 0 errors, 0 left on base; University of Florida 1 - Arizona State University 0 |
TOP OF THE 2ND |
University of Florida Gators batting - Pitching for Arizona State University Sun Devils : RHP Corey Hill
|
Batting: RHB Robert Mason
|
0-0: Ball 1-0: Foul Ball, location: 2F 1-1: Foul Ball, location: 2F 1-2: Ball 2-2: Ground out 6-3 (Groundball, 6, EV 88.8 MPH)
|
Batting: RHB Gong-sun Law
|
0-0: Swinging Strike 0-1: Foul Ball, location: 2F 0-2: Strikes out looking
|
Batting: RHB Marco Morales
|
0-0: Called Strike 0-1: Called Strike 0-2: SINGLE (Line Drive, 6, EV 100.0 MPH)
|
Batting: RHB Juan Lopez
|
0-0: Ball 1-0: Ball 2-0: Ball Marco Morales is caught stealing 2nd base 2-4
|
Top of the 2nd over - 0 runs, 1 hit, 0 errors, 0 left on base; University of Florida 1 - Arizona State University 0 |
BOTTOM OF THE 2ND |
Arizona State University Sun Devils batting - Pitching for University of Florida Gators : RHP Jay Rudacille
|
Batting: LHB Randy Marquez
|
0-0: Ball 1-0: Called Strike 1-1: Foul Ball, location: 2F 1-2: Strikes out swinging
|
Batting: RHB Chris DeLuise
|
0-0: Ball 1-0: Called Strike 1-1: Foul Ball, location: 2F 1-2: Ball 2-2: Strikes out swinging
|
Batting: SHB Manny Aponte
|
0-0: Called Strike 0-1: Ball 1-1: Ball 2-1: Foul Ball, location: 2F 2-2: Foul Ball, location: 2F 2-2: Ball 3-2: Strikes out looking
|
Bottom of the 2nd over - 0 runs, 0 hits, 0 errors, 0 left on base; University of Florida 1 - Arizona State University 0 |
TOP OF THE 3RD |
University of Florida Gators batting - Pitching for Arizona State University Sun Devils : RHP Corey Hill
|
Pitching: RHP Jeremy Kaylor
|
|
Batting: RHB Juan Lopez
|
0-0: Swinging Strike 0-1: Ball 1-1: Ball 2-1: Ball 3-1: Called Strike 3-2: Strikes out swinging
|
Batting: RHB Danny Cisneros
|
0-0: Foul Ball, location: 2F 0-1: Ball 1-1: Foul Ball, location: 2F 1-2: SINGLE (Groundball, 6S, EV 98.1 MPH)
|
Batting: LHB Terry Bayer
|
0-0: Called Strike 0-1: Called Strike 0-2: Strikes out swinging
|
Batting: RHB Luis Cabera
|
0-0: Ball 1-0: Called Strike 1-1: Foul Ball, location: 2F 1-2: SINGLE (Flyball, 7LS, EV 95.0 MPH) Danny Cisneros to second
|
Batting: RHB Ben Bailey
|
0-0: Ball 1-0: Called Strike 1-1: Swinging Strike 1-2: Fielders Choice at 2nd, 5-4 (Groundball, 5, EV 99.4 MPH)
|
Top of the 3rd over - 0 runs, 2 hits, 0 errors, 2 left on base; University of Florida 1 - Arizona State University 0 |
BOTTOM OF THE 3RD |
Arizona State University Sun Devils batting - Pitching for University of Florida Gators : RHP Jay Rudacille
|
Batting: LHB Burraga Iukini
|
0-0: Ball 1-0: Foul Ball, location: 2F 1-1: Swinging Strike 1-2: Strikes out swinging
|
Batting: RHB John Burgis
|
0-0: Called Strike 0-1: Called Strike 0-2: Foul Ball, location: 2F 0-2: SINGLE (Groundball, P, EV 86.9 MPH) (infield hit)
|
Batting: RHB Carl Evans
|
0-0: Foul Ball, location: 2F 0-1: Called Strike 0-2: Foul Ball, location: 2F 0-2: Ball 1-2: Foul Ball, location: 2F 1-2: Hit by Pitch John Burgis to second
|
Batting: LHB Timon Giorgiou
|
0-0: Foul Ball, location: 2F 0-1: Foul Ball, location: 2F 0-2: Foul Ball, location: 2F 0-2: Strikes out swinging
|
Batting: RHB Alonzo Cardona
|
0-0: Foul Ball, location: 2F 0-1: Fielders Choice at 2nd, 6-4 (Groundball, 56, EV 93.8 MPH)
|
Bottom of the 3rd over - 0 runs, 1 hit, 0 errors, 2 left on base; University of Florida 1 - Arizona State University 0 |
TOP OF THE 4TH |
University of Florida Gators batting - Pitching for Arizona State University Sun Devils : RHP Jeremy Kaylor
|
Pitching: RHP Andrew Frugoli
|
|
Batting: SHB Nelson Carachure
|
0-0: Swinging Strike 0-1: Ball 1-1: Foul Ball, location: 2F 1-2: Strikes out swinging
|
Batting: RHB Robert Mason
|
0-0: Fly out, F7 (Line Drive, 7, EV 92.5 MPH)
|
Batting: RHB Gong-sun Law
|
0-0: Ball 1-0: Ball 2-0: Ball 3-0: Called Strike 3-1: Called Strike 3-2: Foul Ball, location: 2F 3-2: Fly out, F8 (Flyball, 89M, EV 81.9 MPH)
|
Top of the 4th over - 0 runs, 0 hits, 0 errors, 0 left on base; University of Florida 1 - Arizona State University 0 |
BOTTOM OF THE 4TH |
Arizona State University Sun Devils batting - Pitching for University of Florida Gators : RHP Jay Rudacille
|
Batting: LHB David Goad
|
0-0: Reached on error, E8 (Line Drive, 8LM, EV 106.2 MPH)
|
Batting: LHB Randy Marquez
|
0-0: Foul Ball, location: 2F 0-1: Swinging Strike 0-2: Ball 1-2: Grounds out, U3 (Groundball, 3L, EV 105.6 MPH)
|
Batting: RHB Chris DeLuise
|
0-0: Called Strike 0-1: Fly out, F8 (Flyball, 8RD, EV 90.0 MPH)
|
Batting: SHB Manny Aponte
|
0-0: Fly out, F8 (Flyball, 8LM, EV 83.1 MPH)
|
Bottom of the 4th over - 0 runs, 0 hits, 1 error, 1 left on base; University of Florida 1 - Arizona State University 0 |
TOP OF THE 5TH |
University of Florida Gators batting - Pitching for Arizona State University Sun Devils : RHP Andrew Frugoli
|
Now at 2B: Kawenaula Kapali
|
|
Now at 3B: David Krebs
|
|
Now in LF: Dustin Gill
|
|
Now in RF: Bill Callbeck
|
|
Batting: RHB Marco Morales
|
0-0: Ground out 1-3 (Groundball, 13S, EV 71.9 MPH)
|
Batting: RHB Juan Lopez
|
0-0: Called Strike 0-1: Ball 1-1: Foul Ball, location: 2F 1-2: Ground out 5-3 (Groundball, 56S, EV 82.5 MPH)
|
Batting: RHB Danny Cisneros
|
0-0: Ball 1-0: Called Strike 1-1: Fly out, F8 (Flyball, 78XD, EV 83.1 MPH)
|
Top of the 5th over - 0 runs, 0 hits, 0 errors, 0 left on base; University of Florida 1 - Arizona State University 0 |
BOTTOM OF THE 5TH |
Arizona State University Sun Devils batting - Pitching for University of Florida Gators : RHP Jay Rudacille
|
Now at 1B: Paul Martel
|
|
Now at 3B: C.J. Clifford
|
|
Now in RF: Dave Newsome
|
|
Batting: LHB Burraga Iukini
|
0-0: Called Strike 0-1: Called Strike 0-2: Strikes out swinging
|
Batting: RHB John Burgis
|
0-0: Foul Ball, location: 2F 0-1: Ball 1-1: Foul Ball, location: 2F 1-2: Ball 2-2: Ball 3-2: Foul Ball, location: 2F 3-2: Fly out, F9 (Flyball, 9D, EV 86.2 MPH)
|
Batting: RHB Carl Evans
|
0-0: Ball 1-0: DOUBLE (Line Drive, 3D, EV 103.1 MPH)
|
Pitching: RHP Justin Alvarado
|
|
Batting: LHB Timon Giorgiou
|
0-0: Ball 1-0: Ball 2-0: Ball 3-0: Called Strike 3-1: Fly out, F6 (Line Drive, 6, EV 70.0 MPH)
|
Bottom of the 5th over - 0 runs, 1 hit, 0 errors, 1 left on base; University of Florida 1 - Arizona State University 0 |
TOP OF THE 6TH |
University of Florida Gators batting - Pitching for Arizona State University Sun Devils : RHP Andrew Frugoli
|
Pitching: LHP Nick Segar
|
|
Pinch Hitting: RHB Keith Kamerling
|
0-0: Called Strike 0-1: Called Strike 0-2: Ball 1-2: Ball 2-2: Strikes out swinging
|
Batting: SHB Pat Justice
|
0-0: Fly out, F7 (Flyball, 78M, EV 93.8 MPH)
|
Batting: LHB Dave Newsome
|
0-0: Ball 1-0: Fly out, F5 (Popup, 5SF, EV 86.9 MPH)
|
Top of the 6th over - 0 runs, 0 hits, 0 errors, 0 left on base; University of Florida 1 - Arizona State University 0 |
BOTTOM OF THE 6TH |
Arizona State University Sun Devils batting - Pitching for University of Florida Gators : RHP Justin Alvarado
|
Now in CF: Juan Cadavid
|
|
Batting: LHB Dustin Gill
|
0-0: Ball 1-0: Called Strike 1-1: Swinging Strike 1-2: Strikes out swinging
|
Batting: RHB David Krebs
|
0-0: Swinging Strike 0-1: Foul Ball, location: 2F 0-2: Foul Ball, location: 2F 0-2: Ball 1-2: Foul Ball, location: 2F 1-2: Strikes out swinging
|
Batting: RHB Kawenaula Kapali
|
0-0: Ball 1-0: Ball 2-0: Foul Ball, location: 2F 2-1: Ground out 6-3 (Groundball, 56D, EV 103.1 MPH)
|
Bottom of the 6th over - 0 runs, 0 hits, 0 errors, 0 left on base; University of Florida 1 - Arizona State University 0 |
TOP OF THE 7TH |
University of Florida Gators batting - Pitching for Arizona State University Sun Devils : LHP Nick Segar
|
Pitching: RHP Hector Morales
|
|
Batting: RHB C.J. Clifford
|
0-0: Ball 1-0: Ball 2-0: Foul Ball, location: 2F 2-1: Ball 3-1: Foul Ball, location: 2F 3-2: Strikes out swinging
|
Batting: RHB Robert Mason
|
0-0: Ball 1-0: Ball 2-0: Called Strike 2-1: Foul Ball, location: 2F 2-2: Ground out 6-3 (Groundball, 6S, EV 92.5 MPH)
|
Batting: RHB Gong-sun Law
|
0-0: Foul Ball, location: 2F 0-1: Foul Ball, location: 2F 0-2: Foul Ball, location: 2F 0-2: Ball 1-2: Ball 2-2: Strikes out looking
|
Top of the 7th over - 0 runs, 0 hits, 0 errors, 0 left on base; University of Florida 1 - Arizona State University 0 |
BOTTOM OF THE 7TH |
Arizona State University Sun Devils batting - Pitching for University of Florida Gators : RHP Justin Alvarado
|
Now at 2B: Manny Harrison
|
|
Pinch Hitting: RHB Jun-hyuk Leem
|
0-0: Called Strike 0-1: Foul Ball, location: 2F 0-2: Ball 1-2: Foul Ball, location: 2F 1-2: Ball 2-2: Foul Ball, location: 2F 2-2: Fly out, F7 (Flyball, 7, EV 86.9 MPH)
|
Batting: LHB Ricky Hernandez
|
0-0: Ball 1-0: Foul Ball, location: 2F 1-1: Foul Ball, location: 2F 1-2: Foul Ball, location: 2F 1-2: Foul Ball, location: 2F 1-2: Foul Ball, location: 2F 1-2: Ball 2-2: Foul Ball, location: 2F 2-2: Fly out, F6 (Popup, 6, EV 63.1 MPH)
|
Pinch Hitting: RHB Martin Boyle
|
0-0: Foul Ball, location: 2F 0-1: Swinging Strike 0-2: Ball 1-2: Foul Ball, location: 2F 1-2: Foul Ball, location: 2F 1-2: Ball 2-2: Strikes out swinging
|
Bottom of the 7th over - 0 runs, 0 hits, 0 errors, 0 left on base; University of Florida 1 - Arizona State University 0 |
TOP OF THE 8TH |
University of Florida Gators batting - Pitching for Arizona State University Sun Devils : RHP Hector Morales
|
Pitching: RHP Sho Fukumoto
|
|
Now at 1B: Martin Boyle
|
|
Now in LF: Jun-hyuk Leem
|
|
Now in RF: Dustin Gill
|
|
Batting: RHB Manny Harrison
|
0-0: Ground out U3 (Groundball, 34S, EV 89.4 MPH)
|
Batting: LHB Paul Martel
|
0-0: Called Strike 0-1: Foul Ball, location: 2F 0-2: Foul Ball, location: 2F 0-2: Ball 1-2: Ground out U3 (Groundball, 3L, EV 103.8 MPH)
|
Pinch Hitting: RHB LiĆ£o Weishampt
|
0-0: Ball 1-0: Ground out 6-3 (Groundball, 56, EV 103.8 MPH)
|
Top of the 8th over - 0 runs, 0 hits, 0 errors, 0 left on base; University of Florida 1 - Arizona State University 0 |
BOTTOM OF THE 8TH |
Arizona State University Sun Devils batting - Pitching for University of Florida Gators : RHP Justin Alvarado
|
Pitching: RHP Carlos Figueroa
|
|
Now in LF: Juan Moreno
|
|
Batting: RHB John Burgis
|
0-0: Called Strike 0-1: SOLO HOME RUN (Flyball, 7D, EV 102.5 MPH), Distance : 401 ft
|
Pinch Hitting: RHB Bobby Johannsen
|
0-0: Called Strike 0-1: DOUBLE (Groundball, 5L, EV 105.0 MPH)
|
Batting: LHB Timon Giorgiou
|
0-0: Ball 1-0: Sac Bunt to 2L - play at first, batter OUT! 2-3 Bobby Johannsen to third
|
Batting: LHB Dustin Gill
|
0-0: Ball 1-0: Called Strike 1-1: Foul Ball, location: 2F 1-2: Ball 2-2: Ball 3-2: Ground out 5-3 (Groundball, 56S, EV 80.0 MPH)
|
Batting: RHB David Krebs
|
0-0: Ball 1-0: Swinging Strike 1-1: Called Strike 1-2: Strikes out swinging
|
Bottom of the 8th over - 1 run, 2 hits, 0 errors, 1 left on base; University of Florida 1 - Arizona State University 1 |
TOP OF THE 9TH |
University of Florida Gators batting - Pitching for Arizona State University Sun Devils : RHP Sho Fukumoto
|
Pitching: LHP Joe Morgan
|
|
Now at SS: Bobby Johannsen
|
|
Batting: LHB Juan Cadavid
|
0-0: Ball 1-0: Foul Ball, location: 2F 1-1: Ball 2-1: Ball 3-1: Foul Ball, location: 2F 3-2: Foul Ball, location: 2F 3-2: SINGLE (Flyball, 7S, EV 91.2 MPH)
|
Batting: SHB Pat Justice
|
0-0: Bunt missed! 0-1: Bunted foul 0-2: Ball 1-2: Strikes out swinging
|
Pinch Hitting: RHB Elliott Pye
|
0-0: Ball 1-0: Ball 2-0: Foul Ball, location: 2F 2-1: Ball 3-1: Base on Balls Juan Cadavid to second
|
Batting: RHB C.J. Clifford
|
0-0: Foul Ball, location: 2F 0-1: Swinging Strike 0-2: Ball 1-2: Strikes out looking
|
Pinch Hitting: SHB Nathan Clement
|
0-0: Foul Ball, location: 2F 0-1: Ball 1-1: Ball 2-1: Foul Ball, location: 2F 2-2: Foul Ball, location: 2F 2-2: Foul Ball, location: 2F 2-2: Strikes out swinging
|
Top of the 9th over - 0 runs, 1 hit, 0 errors, 2 left on base; University of Florida 1 - Arizona State University 1 |
BOTTOM OF THE 9TH |
Arizona State University Sun Devils batting - Pitching for University of Florida Gators : RHP Carlos Figueroa
|
Pitching: LHP John Nicholson
|
|
Now at C: Angelo Rentas
|
|
Now in RF: Cyril Theophanous
|
|
Pinch Hitting: RHB Rusty Gee
|
0-0: Called Strike 0-1: Foul Ball, location: 2F 0-2: SINGLE (Groundball, 6, EV 100.0 MPH)
|
Batting: RHB Jun-hyuk Leem
|
0-0: Foul Ball, location: 2F 0-1: Ball 1-1: Grounds into double play, 4-6-3 (Groundball, 4, EV 86.9 MPH)
|
Batting: RHB George Willis
|
0-0: Ball 1-0: Foul Ball, location: 2F 1-1: Swinging Strike 1-2: Foul Ball, location: 2F 1-2: Ball 2-2: Foul Ball, location: 2F 2-2: Ball 3-2: Strikes out swinging
|
Bottom of the 9th over - 0 runs, 1 hit, 0 errors, 0 left on base; University of Florida 1 - Arizona State University 1 |
TOP OF THE 10TH |
University of Florida Gators batting - Pitching for Arizona State University Sun Devils : LHP Joe Morgan
|
Pitching: RHP Jon Allen
|
|
Now at 2B: Rusty Gee
|
|
Batting: RHB Gong-sun Law
|
0-0: Ball 1-0: Called Strike 1-1: Called Strike 1-2: Foul Ball, location: 2F 1-2: Ball 2-2: Ground out 6-3 (Groundball, 6S, EV 81.9 MPH)
|
Pinch Hitting: LHB Jose Garcia
|
0-0: Fly out, F8 (Flyball, 8RXD, EV 105.0 MPH)
|
Pinch Hitting: SHB Michael Medina
|
0-0: Ground out 6-3 (Groundball, 6, EV 89.4 MPH)
|
Top of the 10th over - 0 runs, 0 hits, 0 errors, 0 left on base; University of Florida 1 - Arizona State University 1 |
BOTTOM OF THE 10TH |
Arizona State University Sun Devils batting - Pitching for University of Florida Gators : LHP John Nicholson
|
Pitching: RHP Shinshou Yamamoto
|
|
Now at 1B: Sumio Takahashi
|
|
Now at 2B: Rade Mamula
|
|
Pinch Hitting: RHB Stephen Wheeler
|
0-0: Fly out, F7 (Flyball, 7D, EV 100.6 MPH)
|
Pinch Hitting: RHB Israel Tobias
|
0-0: Ball 1-0: Fly out, F9 (Flyball, 9, EV 78.8 MPH)
|
Batting: RHB Bobby Johannsen
|
0-0: Swinging Strike 0-1: Called Strike 0-2: Ball 1-2: Ball 2-2: Ball 3-2: Base on Balls
|
Batting: LHB Timon Giorgiou
|
0-0: Ball 1-0: Called Strike Bobby Johannsen is caught stealing 2nd base 2-6
|
Bottom of the 10th over - 0 runs, 0 hits, 0 errors, 0 left on base; University of Florida 1 - Arizona State University 1 |
TOP OF THE 11TH |
University of Florida Gators batting - Pitching for Arizona State University Sun Devils : RHP Jon Allen
|
Pitching: RHP Josh Wolford
|
|
Now at C: Israel Tobias
|
|
Now at 1B: Ben Lewis
|
|
Batting: LHB Juan Moreno
|
0-0: Called Strike 0-1: Called Strike 0-2: Strikes out looking
|
Batting: LHB Juan Cadavid
|
0-0: Ground out 5-3 (Groundball, 5S, EV 86.2 MPH)
|
Batting: RHB Vince Trussell
|
0-0: Called Strike 0-1: Ball 1-1: Ball 2-1: Foul Ball, location: 2F 2-2: Strikes out swinging
|
Top of the 11th over - 0 runs, 0 hits, 0 errors, 0 left on base; University of Florida 1 - Arizona State University 1 |
BOTTOM OF THE 11TH |
Arizona State University Sun Devils batting - Pitching for University of Florida Gators : RHP Shinshou Yamamoto
|
Pitching: LHP Adhamh Lubis
|
|
Batting: LHB Timon Giorgiou
|
0-0: Ball 1-0: Called Strike 1-1: Ball 2-1: Called Strike 2-2: Ground out 1-3 (Groundball, 13, EV 71.2 MPH)
|
Batting: LHB Dustin Gill
|
0-0: Ball 1-0: Ball 2-0: Fly out, F3 (Line Drive, 3L, EV 66.2 MPH)
|
Batting: RHB David Krebs
|
0-0: Called Strike 0-1: Called Strike 0-2: Ball 1-2: SOLO HOME RUN (Flyball, 7LD, EV 93.8 MPH), Distance : 356 ft
|
Bottom of the 11th over - 1 run, 1 hit, 0 errors, 0 left on base; University of Florida 1 - Arizona State University 2 |
|